Map: Kairos Junction LE

Players

Snute - Winner!

  • Race: Zerg Zerg
  • Spawn Location: 11:00

Ryosis

  • Race: Zerg Zerg
  • Spawn Location: 5:00

Event: 2019 WCS Spring

VOD

Have the link to the VOD?

Description

Time

  • Played on: May 17, 2019, 12:04 p.m.
  • Length: 6:37

All games in this series

Show
View Real Time Build Order
Export as new Build Order

Snute Zerg - Winner!

Build Orders: Pool First 

Get SALT Encoding   

  12  0:00  Drone  
  13  0:13  Extractor  
  12  0:24  Spawning Pool  
  11  0:28  Drone  
  11  0:33  Drone  
  13  0:37  Drone  
  14  0:49  Overlord  
  14  1:11  Zergling x4  
  16  1:12  Zergling x2  
  16  1:15  Metabolic Boost  
  17  1:22  Zergling x2  
  18  1:28  Queen  
  20  1:33  Zergling x2  
  21  1:44  Zergling x2  
  22  1:59  Hatchery  
  21  2:06  Overlord  
  21  2:12  Zergling x2  
  22  2:27  Zergling x4  
  24  2:36  Zergling x6  
  27  2:43  Zergling x2  
  25  2:45  Queen  
  27  2:55  Drone  
  28  3:04  Drone  
  28  3:11  Drone  
  28  3:12  Drone  
  27  3:13  Queen  
  27  3:17  Drone  
  29  3:20  Drone  
  29  3:25  Zergling x2  
  31  3:29  Zergling x2  
  32  3:34  Overlord  
  32  3:42  Zergling x4  
  32  3:45  Zergling x2  
  26  3:48  Zergling x2  
  26  3:54  Zergling x2  
  23  3:56  Zergling x2  
  23  3:59  Zergling x2  
  21  4:06  Zergling x2  
  21  4:08  Zergling x2  
  22  4:13  Zergling x2  
  22  4:15  Zergling x2  
  24  4:22  Zergling x2  
  24  4:23  Zergling x2  
  25  4:31  Zergling x2  
  25  4:32  Zergling x2  
  27  4:42  Zergling x2  
  27  4:43  Zergling x2  
  25  4:52  Zergling x2  
  24  4:56  Zergling x2  
  22  5:00  Zergling x2  
  22  5:05  Zergling x2  
  21  5:07  Zergling x2  
  21  5:11  Zergling x2  
  24  5:30  Zergling x2  
  24  5:31  Zergling x8  
  27  5:38  Zergling x2  
  28  5:47  Zergling x2  
  28  5:48  Zergling x2  
  30  5:54  Zergling x2  
  31  6:01  Zergling x2  
  31  6:03  Zergling x2  
Show
View Real Time Build Order
Export as new Build Order

Ryosis Zerg 

Build Orders: Pool First 

Get SALT Encoding   

  12  0:16  Spawning Pool  
  11  0:22  Drone  
  11  0:27  Drone  
  13  0:31  Drone  
  14  0:40  Overlord  
  14  0:59  Extractor  
  14  1:03  Zergling x4  
  15  1:05  Zergling x2  
  16  1:15  Zergling x2  
  17  1:21  Hatchery  
  16  1:27  Zergling x2  
  17  1:37  Zergling x2  
  18  1:51  Queen  
  20  2:02  Metabolic Boost  
  20  2:07  Zergling x2  
  21  2:10  Zergling x2  
  22  2:19  Overlord  
  22  2:26  Extractor, Zergling x2  
  23  2:34  Zergling x2  
  23  2:35  Zergling x2  
  25  2:42  Zergling x2  
  20  2:49  Zergling x2  
  21  2:53  Zergling x2  
  22  3:01  Zergling x6  
  22  3:05  Zergling x2  
  26  3:10  Zergling x2  
  26  3:15  Zergling x2  
  26  3:19  Zergling x2  
  27  3:24  Zergling x2  
  28  3:27  Zergling x2  
  28  3:28  Zergling x2  
  30  3:38  Zergling x4  
  31  3:42  Zergling x2  
  31  3:46  Zergling x2  
  28  3:50  Zergling x2  
  28  3:55  Zergling x2  
  27  4:01  Zergling x2  
  28  4:04  Zergling x2  
  28  4:07  Zergling x2  
  30  4:13  Zergling x2  
  31  4:17  Zergling x2  
  31  4:24  Zergling x4  
  31  4:30  Zergling x2  
  33  4:36  Zergling x2  
  33  4:40  Zergling x2  
  33  4:43  Zergling x2  
  29  4:48  Zergling x2  
  29  4:52  Zergling x2  
  28  4:58  Zergling x4  
  25  5:03  Zergling x2  
  23  5:10  Zergling x2  
  23  5:11  Zergling x2  
  25  5:16  Zergling x2  
  26  5:23  Zergling x2  
  26  5:24  Zergling x2  
  27  5:31  Zergling x2  
  27  5:33  Zergling x2  
  29  5:37  Zergling x2  
  29  5:41  Zergling x2  
  31  5:46  Zergling x2  
  32  5:51  Zergling x2  
  32  5:56  Zergling x2  
  34  6:02  Overlord  
  33  6:08  Zergling x2  
  35  6:11  Zergling x2  
  35  6:16  Zergling x2  
Tags
 
Add a new tag
Caveats
  • Supply blocks, unpowered buildings, or Contaminate may cause inaccurate times.
  • Supply counts are checked every 10 seconds.